 Dungeon Sprint DCSS version 0.27-a0-1219-g958d993ae5 (webtiles) character file.

Game seed: 12458199158552643236

116 mhtbhm the Magician (level 4, -3/21 HPs)
             Began as a Spriggan Earth Elementalist on June 6, 2021.
             Slain by a scorpion (9 damage)
             ... in the Dungeon (Sprint IX: "|||||||||||||||||||||||||||||").
             The game lasted 00:00:49 (172 turns).

mhtbhm the Magician (Spriggan Earth Elementalist)    Turns: 172, Time: 00:00:49

Health: -3/21      AC:  2    Str:  4    XL:     4   Next: 70%
Magic:  3/14       EV: 19    Int: 17    God:
Gold:   0          SH:  0    Dex: 15    Spells: 16/17 levels left

rFire    . . .     SeeInvis +   (weapon restricted)
rCold    . . .     Faith    .   (shield restricted)
rNeg     . . .     Spirit   .   c - +0 robe
rPois    .         Reflect  .   (helmet restricted)
rElec    .         Harm     .   (no cloak)
rCorr    .         Rampage  .   (gloves unavailable)
Will     .....     NoTele   +   (boots unavailable)
Stlth    +++.......             (no amulet)
HPRegen  0.07/turn              (no ring)
MPRegen  0.14/turn              (no ring)

@: lethally poisoned (-3 -> -20), very quick
A: very small, no large weapons, unfitting armour, see invisible, speed 3
a: no special abilities


You were in the Dungeon.
You visited 1 branch

Inventory:

Missiles
 b - 8 stones
Armour
 c - a +0 robe (worn)
Scrolls
 i - a scroll of blinking
Potions
 f - a potion of haste
 g - a potion of magic
 h - a potion of berserk rage


   Skills:
 + Level 0.3 Fighting
 + Level 5.1 Dodging
 + Level 4.7 Stealth
 + Level 7.0 Spellcasting
 + Level 1.3 Transmutations
 + Level 6.4 Earth Magic


You had 16 spell levels left.
You knew the following spells:

 Your Spells              Type           Power      Damage    Failure   Level
a - Sandblast             Erth           54%        2d13      1%          1

Your spell library contained the following spells:

 Spells                   Type           Power      Damage    Failure   Level
 Passwall                 Tmut/Erth      15%        N/A       3%          2
 Stone Arrow              Conj/Erth      32%        3d9       10%         3
 Lee's Rapid Deconstruct  Erth           13%        3d10*     22%         5
 Petrify                  Tmut/Erth      19%        N/A       24%         4


Dungeon Overview and Level Annotations

Branches:
Dungeon (1/1)

Altars:


Innate Abilities, Weirdness & Mutations

You are very small and have problems with some larger weapons.
You are too small for most types of armour.
You have supernaturally acute eyesight. (SInv)
You cover ground extremely quickly. (Speed+++)


Message History

The scorpion stings you.
You are lethally poisoned!
The scorpion poisons you! The scorpion stings you!
* * * LOW HITPOINT WARNING * * *
You feel better. The scorpion stings you.
The jelly jiggles.
Unknown command.
Casting: Sandblast (safe; 1% risk of failure)
Confirm with . or Enter, or press ? or * to list all spells.
Aiming: Sandblast (safe; 1% risk of failure)
Press: ? - help, Shift-Dir - straight line, f/p - scorpion
Aim: a scorpion (severely wounded, 81% to hit)
The blast of sand hits the scorpion.
The scorpion is almost dead.
The scorpion stings you.
* * * LOW HITPOINT WARNING * * *
You are lethally poisoned!
The scorpion poisons you!
Unknown command.
Casting: Sandblast (safe; 1% risk of failure)
Confirm with . or Enter, or press ? or * to list all spells.
Aiming: Sandblast (safe; 1% risk of failure)
Press: ? - help, Shift-Dir - straight line, f/p - scorpion
Aim: a scorpion (almost dead, 81% to hit)
Okay, then.
You feel much better.
You feel sick. The scorpion stings you!
You are lethally poisoned!
The scorpion poisons you!
Unknown command.
Casting: Sandblast (safe; 1% risk of failure)
Confirm with . or Enter, or press ? or * to list all spells.
Aiming: Sandblast (safe; 1% risk of failure)
Press: ? - help, Shift-Dir - straight line, f/p - scorpion
Aim: a scorpion (almost dead, 81% to hit)
The blast of sand misses the scorpion.
The blast of sand hits the jelly!
You kill the jelly!
* * * LOW HITPOINT WARNING * * *
You feel very sick. The scorpion stings you!
You die... ▓▓▓▓▓▓▓▓▓▓▓▓▓▓▓▓▓▓ ▓@s†.††....'...sJ+ ▓▓▓▓▓▓▓▓▓▓▓▓▓▓▓▓▓▓

You could see a scorpion.

Vanquished Creatures
  An ogre (D)
  A jelly (D)
  A hound (D)
  2 bats (D)
  A ball python (D)
  A frilled lizard (D)
  A jackal skeleton (D)
  A rat (D)
9 creatures vanquished.

Notes
Turn   | Place    | Note
-------+----------+-------------------------------------------
     0 | D        | mhtbhm the Spriggan Earth Elementalist began the quest for
                  | the Orb.
     0 | D        | Reached XP level 1. HP: 9/9 MP: 5/5
     8 | D        | Reached skill level 3 in Spellcasting
   145 | D        | Noticed a hound
   145 | D        | Noticed an ogre
   145 | D        | Noticed a scorpion
   145 | D        | Noticed a jelly
   155 | D        | Killed a hound
   156 | D        | Reached skill level 4 in Spellcasting
   156 | D        | Reached XP level 2. HP: 9/13 MP: 0/8
   156 | D        | Reached XP level 3. HP: 11/16 MP: 0/10
   165 | D        | Killed an ogre
   166 | D        | Reached skill level 5 in Dodging
   166 | D        | Reached skill level 7 in Spellcasting
   166 | D        | Reached XP level 4. HP: 12/21 MP: 7/14
   172 | D        | Slain by a scorpion

Illustrated notes

Levels and vault maps discovered:
D:        linesprint [early_d, line_temple, items_1, d_10, items_2, lair_1,
          lair_end, items_3, orc_1, orc_end, items_4, d_15, swamp_1, shoals_1,
          snake_1, spider_1, d_20, vaults_1, items_5, swamp_end, shoals_end,
          snake_end, spider_end, vaults_end, d_27, items_6, zot_1, zot_end,
          crypt_end, forest_end, elf_end, slime_end, tomb_end, abyss_end,
          pan_hell_end]

Skill      XL: |  1  2  3 |
---------------+----------+-----
Dodging        | 4 5 |  5.1
Spellcasting   | 4 7 |  7.0
Earth Magic    | 4 6 |  6.4
Stealth        | 4 |  4.7
Fighting       | |  0.3
Transmutations | |  1.3

Action                   |  1- 3 |  4- 6 || total
-------------------------+-------+-------++-------
 Cast: Sandblast         |    17 |     5 ||    22
  Use: Potion            |     1 |     2 ||     3
Dodge: Dodged            |    20 |     2 ||    22

Table legend: (Time is in decaauts)
 A = Elapsed time spent in this place.
 B = Non-inter-level travel time spent in this place.
 C = Inter-level travel time spent in this place.
 D = Time resting spent in this place.
 E = Time spent auto-exploring this place.
 F = Levels seen in this place.
 G = Mean time per level.
                   A        B        C        D        E       F      G
               +--------+--------+--------+--------+--------+-----+--------+
         Total |    162 |    162 |      0 |    106 |      1 |   1 |  162.0 |
       Dungeon |    162 |    162 |      0 |    106 |      1 |   1 |  162.0 |
               +--------+--------+--------+--------+--------+-----+--------+

Top non-repeatable levels by time:
       D: 162 daAuts
